 Dungeon Crawl Stone Soup version 0.31-a0-1236-gaa9e43cceb (webtiles) character file.

Game seed: 6667330093508817016

92 Ivernyr the Shield-Bearer (level 4, -1/37 HPs)
             Began as a Formicid Fighter on Dec 15, 2023.
             Slain by a giant cockroach (2 damage)
             ... on level 2 of the Dungeon.
             The game lasted 00:01:35 (848 turns).

Ivernyr the Shield-Bearer (Formicid Fighter)         Turns: 848, Time: 00:01:35

Health: -1/37      AC:  7    Str: 22    XL:     4   Next: 90%
Magic:  4/4        EV:  9    Int:  8    God:
Gold:   21         SH:  5    Dex: 13    Spells: 3/3 levels left

rFire   . . .        a - +0 quarterstaff
rCold   . . .        c - +0 buckler
rNeg    . . .        b - +0 scale mail
rPois   .            (helmet unavailable)
rElec   .            (no cloak)
rCorr   .            (no gloves)
SInv    +            (no boots)
Will    .....        (no amulet) Stlth
                     (no ring)
HPRegen 0.26/turn    (no ring)
MPRegen 0.09/turn

%: no passive effects
@: no status effects
A: permanent stasis, dig shafts and tunnels, antennae 3, four strong arms
a: Dig, Shaft Self


You were on level 2 of the Dungeon.
You visited 1 branch of the dungeon, and saw 2 of its levels.

You collected 21 gold pieces.

Inventory:

Hand Weapons
 a - a +0 quarterstaff (weapon)
Armour
 b - a +0 scale mail (worn)
 c - a +0 buckler (worn)
Scrolls
 e - 2 scrolls of teleportation {unknown}
 f - 2 scrolls of identify {unknown}
 g - a scroll of fog {unknown}
Potions
 d - 2 potions of might
 h - a potion of curing {unknown}


   Skills:
 + Level 3.9 Fighting
 * Level 3.3 Staves
 + Level 3.9 Armour
 + Level 4.7 Shields


You had 3 spell levels left.
You didn't know any spells.
Your spell library contained the following spells:

 Spells                   Type           Power      Damage    Failure   Level
 Lesser Beckoning         Tloc           0%         N/A       90%         2
 Momentum Strike          Conj/Tloc      0%         3d8       90%         2
 Blink                    Tloc           Unusable   N/A       N/A         2

Dungeon Overview and Level Annotations

Branches:
Dungeon (2/15)

Altars:


Innate Abilities, Weirdness & Mutations

You cannot be hasted, slowed, berserked, paralysed or teleported.
You can dig through walls and to a lower floor.
You have a pair of large antennae on your head. (SInv)
Your four strong arms can wield two-handed weapons with a shield.


Message History

The goblin hits you but does no damage. The giant cockroach barely misses you.
You sock Robin!
You kill Robin!
The goblin barely misses you.
The giant cockroach bites you but does no damage.
The goblin barely misses you.
A goblin comes into view. It is wielding a +0 club.
The goblin hits you but does no damage. The goblin barely misses you.
The goblin shouts!
You hit the hobgoblin.
The hobgoblin is moderately wounded.
The giant cockroach bites you but does no damage.
The goblin hits you but does no damage. You block the goblin's attack.
The goblin closely misses you.
The hobgoblin hits you but does no damage.
The goblin hits you but does no damage.
You miss the goblin.
The goblin no longer looks unusually strong.
The giant cockroach bites you but does no damage.
The goblin misses you. The goblin hits you with a +0 dagger.
* * * LOW HITPOINT WARNING * * *
The hobgoblin hits you but does no damage.
The goblin hits you with a +0 dagger of speed.
* * * LOW HITPOINT WARNING * * *
The giant cockroach bites you but does no damage.
You miss the goblin.
The goblin hits you with a +0 dagger of speed.
* * * LOW HITPOINT WARNING * * *
The goblin hits you but does no damage. x2
The giant cockroach bites you but does no damage.
The goblin hits you with a +0 dagger of speed.
* * * LOW HITPOINT WARNING * * *
You closely miss the goblin. The giant cockroach bites you.
* * * LOW HITPOINT WARNING * * *
You block the goblin's attack.
The goblin hits you but does no damage. x2
The hobgoblin hits you but does no damage.
The goblin hits you with a +0 dagger of speed.
* * * LOW HITPOINT WARNING * * *
The giant cockroach bites you.
You die...

#..........#
###.......:..#
....<.......##
#...........#
###...........#
........g.....###
###.............
######..g)B....## ####
.........@g...## #...
.#####.)gg.>...###..###
.).....†..............(
.#####..†...........#
########.............##
....................##
########...........##
###.........#
####......#


You could see a giant cockroach, a hobgoblin (strong) and 4 goblins.

Vanquished Creatures
  A scorpion (D:1)
  Robin (D:2)
  A dart slug (D:2)
  2 ball pythons
  4 endoplasms (D:1)
  2 giant cockroaches (D:1)
  A hobgoblin (D:1)
  3 frilled lizards
  3 goblins
  4 kobolds (D:1)
  2 rats
24 creatures vanquished.

Notes
Turn   | Place    | Note
-------+----------+-------------------------------------------
     0 | D:1      | Ivernyr the Formicid Fighter began the quest for the Orb.
     0 | D:1      | Reached XP level 1. HP: 18/18 MP: 1/1
   138 | D:1      | Reached XP level 2. HP: 21/24 MP: 2/2
   652 | D:2      | Reached XP level 3. HP: 12/29 MP: 3/3
   740 | D:2      | Noticed a scorpion
   744 | D:2      | Noticed Robin
   757 | D:1      | Killed a scorpion
   758 | D:1      | Reached XP level 4. HP: 18/37 MP: 4/4
   844 | D:2      | Killed Robin
   848 | D:2      | HP: 1/37 [goblin/+0 dagger of speed[Robin] (2)]
   848 | D:2      | Slain by a giant cockroach

Illustrated notes

Levels and vault maps discovered:
D:1:      ldierk_walled_garden_2, layout_basic, minmay_close_crescents
D:2:      layout_rooms, uniq_robin, uniq_natasha

Skill      XL: |  1  2  3 |
---------------+----------+-----
Staves         | 3 |  3.3
Fighting       | |  3.9
Armour         | |  3.9
Shields        | |  4.7

Action                     |  1- 3 |  4- 6 || total
---------------------------+-------+-------++-------
  Melee: Quarterstaff      |    64 |    13 ||    77
 Armour: Scale mail        |    53 |    41 ||    94
  Dodge: Dodged            |    34 |    19 ||    53
  Block: Buckler           |    17 |    11 ||    28

Table legend: (Time is in decaauts)
 A = Elapsed time spent in this place.
 B = Non-inter-level travel time spent in this place.
 C = Inter-level travel time spent in this place.
 D = Time resting spent in this place.
 E = Time spent auto-exploring this place.
 F = Levels seen in this place.
 G = Mean time per level.
                   A        B        C        D        E       F      G
               +--------+--------+--------+--------+--------+-----+--------+
         Total |    865 |    852 |     13 |    155 |    492 |   2 |  432.5 |
       Dungeon |    865 |    852 |     13 |    155 |    492 |   2 |  432.5 |
               +--------+--------+--------+--------+--------+-----+--------+

Top non-repeatable levels by time:
     D:1: 727 daAuts
     D:2: 137 daAuts
